 Dungeon Crawl Stone Soup version 0.21-a0-361-g4efd3f9 (webtiles) character file.

724 tidbits the Covered (level 7, 12/56 HPs)
             Began as a Gnoll Wanderer on Oct 13, 2017.
             Quit the game on level 5 of the Dungeon.
             The game lasted 00:11:52 (1768 turns).

tidbits the Covered (Gnoll Wanderer)                Turns: 1768, Time: 00:11:53

Health: 12/56      AC:  9    Str: 16    XL:     7   Next: 71%
Magic:  15/15      EV: 11    Int: 14    God:
Gold:   257        SH:  0    Dex: 15    Spells: 13/17 levels left

rFire    + . .     SeeInvis .   v - +2 dagger (venom)
rCold    . . .     Gourm    .   (no shield)
rNeg     . . .     Faith    .   n - +0 scale mail (curse)
rPois    .         Spirit   .   E - +0 helmet
rElec    .         Reflect  .   (no cloak)
rCorr    .         Harm     .   (no gloves)
MR       .....                  (no boots)
Stlth    +.........             (no amulet)
HPRegen  0.18/turn              q - ring of protection from fire
MPRegen  0.14/turn              (no ring)

@: no status effects
A: distributed training, fangs 1, strong nose
a: no special abilities


You were on level 5 of the Dungeon.
You were not hungry.

You visited 1 branch of the dungeon, and saw 5 of its levels.

You collected 257 gold pieces.

Inventory:

Hand Weapons
 a - a +2 spear
 b - a +0 hunting sling
 v - a +2 dagger of venom (weapon)
   (You took it off a goblin on level 1 of the Dungeon)
 F - a +0 scythe
Missiles
 l - 83 arrows
 m - 86 stones (quivered)
Armour
 d - a +0 robe
 n - a cursed +0 scale mail (worn)
 z - a +0 shield
 D - a +0 ring mail
 E - a +0 helmet (worn)
Jewellery
 q - a ring of protection from fire (left hand)
   (You found it on level 1 of the Dungeon)
Wands
 u - a wand of polymorph (12/24)
 y - a wand of iceblast (0/15)
Scrolls
 c - 2 scrolls of teleportation
 e - 5 scrolls of remove curse {unknown}
 h - 2 scrolls of amnesia {unknown}
 k - 3 scrolls of blinking {unknown}
 s - 2 scrolls of enchant armour {unknown}
 w - a scroll of recharging {unknown}
 A - 2 scrolls of random uselessness {unknown}
 B - a scroll of magic mapping {unknown}
 C - a scroll of fear {unknown}
 M - a scroll of fog {unknown}
Potions
 j - a potion of might {unknown}
 o - a potion of lignification
 t - a potion of brilliance {unknown}
 x - 2 potions of agility {unknown}
 G - a potion of degeneration {unknown}
 H - a potion of resistance {unknown}
 I - a potion of heal wounds {unknown}
 J - a potion of berserk rage {unknown}
 L - a potion of cancellation {unknown}
Books
 i - Sif Muna's Volume of Transmutation

   Spells                             Type                      Level
   a - Sticks to Snakes               Transmutation                2
   b - Passwall                       Transmutation/Earth          2
Comestibles
 f - a bread ration
 g - 7 fruits
 p - 6 meat rations
 r - a royal jelly
 K - 5 chunks of flesh


   Skills:
 + Level 5.3 Fighting
 + Level 2.6 Short Blades
 + Level 2.6 Long Blades
 + Level 2.6 Axes
 + Level 2.6 Maces & Flails
 + Level 2.6 Polearms
 + Level 2.6 Staves
 + Level 2.6 Slings
 + Level 2.6 Bows
 + Level 2.6 Crossbows
 + Level 2.6 Throwing
 + Level 7.1 Armour
 + Level 2.6 Dodging
 + Level 3.5 Stealth
 + Level 3.7 Shields
 + Level 2.6 Unarmed Combat
 + Level 5.7 Spellcasting
 + Level 3.0 Conjurations
 + Level 2.1 Hexes
 + Level 2.1 Charms
 + Level 2.1 Summonings
 + Level 2.1 Necromancy
 + Level 2.1 Translocations
 + Level 2.1 Transmutations
 + Level 2.1 Fire Magic
 + Level 2.1 Ice Magic
 + Level 2.1 Air Magic
 + Level 2.1 Earth Magic
 + Level 2.1 Poison Magic
 + Level 2.9 Invocations
 + Level 2.6 Evocations


You had 13 spell levels left.
You knew the following spells:

 Your Spells              Type           Power        Failure   Level  Hunger
k - Sticks to Snakes      Tmut           ##......     30%         2    ##.....
w - Passwall              Tmut/Erth      ##........   30%         2    ##.....


Dungeon Overview and Level Annotations

Branches:
Dungeon (5/15)
 Temple: D:4-7

Altars:
Nemelex Xobeh
Okawaru


Innate Abilities, Weirdness & Mutations

Your experience applies equally to all skills.
You have very sharp teeth.
Your uncanny sense of smell can sniff out nearby items.


Message History

You closely miss the orc wizard. Your bite misses the orc wizard.
The orc wizard is moderately wounded.
The orc wizard hits you but does no damage.
You closely miss the orc wizard.
The orc wizard is moderately wounded.
The orc wizard gestures at you while chanting.
The magic dart hits you!
You hit the orc wizard.
The orc wizard is heavily wounded.
The orc wizard gestures at you while chanting.
The magic dart hits you!
You miss the orc wizard.
The orc wizard is heavily wounded.
The orc wizard hits you but does no damage.
You hit the orc wizard.
The orc wizard looks as sick as possible!
The orc wizard is severely wounded.
You hit the orc wizard but do no damage.
The orc wizard is severely wounded.
You kill the orc wizard!
You hit the orc.
The orc is poisoned.
The orc is moderately wounded.
The orc hits you with a flail.
You hit the orc but do no damage.
The orc is moderately wounded.
The orc closely misses you.
You hit the orc.
You kill the orc!
Items here: )) [ †† a flail; a dagger; a robe; an orc corpse x2
Butcher an orc corpse? [(y)es/(c)hoosy/(n)o/(a)ll/(e)dible/(q)uit/?]
You butcher the orc corpse. x2
K - 5 chunks of flesh (gained 4);
K - 6 chunks of flesh (gained 1)
Things that are here:
a flail; a dagger; a robe Unknown command.
Eat one of 6 chunks of flesh? (ye/n/q)
You eat one of the 6 chunks of flesh.
This raw flesh tastes terrible.
Found a scroll labeled KAMAEPUS RAGA.
M - a scroll labeled KAMAEPUS RAGA
Things that are here:
a flail; a dagger; a robe
Things that are here:
a dagger; a robe
Things that are here:
a leather armour; a flail HP restored.
An iguana comes into view.
Found a meat ration.
The iguana hisses angrily.
The iguana bites you.
You closely miss the iguana. The iguana bites you!
You hit the iguana but do no damage.
The iguana is poisoned.
Your bite misses the iguana. The iguana misses you.
You hit the iguana but do no damage. The iguana bites you.
You hit the iguana.
The iguana looks as sick as possible!
The iguana is lightly wounded.
The iguana completely misses you.
You closely miss the iguana.
The iguana is moderately wounded.
The iguana bites you but does no damage.
You hit the iguana but do no damage.
The iguana is moderately wounded.
The iguana completely misses you.
You hit the iguana but do no damage.
The iguana looks as sick as possible!
The iguana is moderately wounded.
You completely miss the iguana.
The iguana is moderately wounded.
The iguana barely misses you.
You hit the iguana but do no damage.
The iguana looks as sick as possible!
The iguana is heavily wounded.
The iguana closely misses you.
You hit the iguana.
The iguana looks as sick as possible!
Your bite misses the iguana.
The iguana is heavily wounded.
The iguana bites you!
You hit the iguana.
The iguana looks as sick as possible!
Your bite misses the iguana.
The iguana is severely wounded.
The iguana bites you.
You hit the iguana.
The iguana is almost dead.
You kill the iguana!
p - 6 meat rations (gained 1)
There is a stone staircase leading down here.
You climb downwards.
The orc hits you with a flail.
The orc wizard casts a spell.
The orc wizard blinks!
There is a stone staircase leading up here.
Unknown command.
The orc barely misses you.
The orc priest invokes the aid of Beogh against you.
Pain shoots through your body!
* * * LOW HITPOINT WARNING * * *
The orc wizard mumbles some strange words.
The orc wizard blinks!
The orc priest mumbles some strange prayers to Beogh against you.
Beogh smites you!
* * * LOW HITPOINT WARNING * * *
Are you sure you want to abandon this character and quit the game? (Confirm with "yes".)

#..# #...
∆ #..#
#..# #..#
####..#
#..o.o####
#@.o.#
####.# .#
.# .# o#
?. .. ∆


You could see an orc priest, an orc wizard and an orc.

Vanquished Creatures
  Sigmund (D:4)
  Menkaure (D:4)
  The ghost of Irenicus the Insei, an amateur OpCK of Xom (D:4)
  An ice beast (D:5)
  A howler monkey (D:4)
  2 orc wizards (D:4)
  An iguana (D:4)
  Robin (D:2)
  3 adders
  A dart slug (D:1)
  3 orcs
  11 bats
  4 giant cockroaches
  13 goblins
  7 hobgoblins
  8 jackals (D:2)
  5 kobolds
  2 quokkas
  A ball python (D:1)
  5 frilled lizards
  3 rats (D:1)
75 creatures vanquished.

Notes
Turn   | Place    | Note
-------+----------+-------------------------------------------
     0 | D:1      | tidbits the Gnoll Wanderer began the quest for the Orb.
     0 | D:1      | tidbits set off with: a +2 spear, Sif Muna's Volume of Transmutation, a scroll of teleportation, a +0 robe, a bread ration
     0 | D:1      | Reached XP level 1. HP: 20/20 MP: 6/6
     0 | D:1      | Identified Sif Muna's Volume of Transmutation
    88 | D:1      | Reached skill level 2 in Conjurations
   104 | D:1      | Reached XP level 2. HP: 18/26 MP: 7/7
   108 | D:1      | Learned a level 2 spell: Passwall
   111 | D:1      | Learned a level 2 spell: Sticks to Snakes
   399 | D:1      | Reached XP level 3. HP: 31/31 MP: 9/9
   482 | D:2      | Reached skill level 5 in Spellcasting
   510 | D:2      | Noticed Robin
   532 | D:2      | Killed Robin
   532 | D:2      | Reached skill level 1 in Invocations
   542 | D:2      | Reached skill level 1 in Short Blades
   542 | D:2      | Reached skill level 1 in Long Blades
   542 | D:2      | Reached skill level 1 in Axes
   542 | D:2      | Reached skill level 1 in Maces & Flails
   542 | D:2      | Reached skill level 1 in Polearms
   542 | D:2      | Reached skill level 1 in Staves
   542 | D:2      | Reached skill level 1 in Slings
   542 | D:2      | Reached skill level 1 in Bows
   542 | D:2      | Reached skill level 1 in Crossbows
   542 | D:2      | Reached skill level 1 in Throwing
   542 | D:2      | Reached skill level 1 in Dodging
   542 | D:2      | Reached skill level 1 in Unarmed Combat
   542 | D:2      | Reached skill level 1 in Evocations
   601 | D:2      | Reached XP level 4. HP: 26/38 MP: 11/11
   741 | D:3      | Found an iron altar of Okawaru.
   921 | D:2      | Reached skill level 1 in Hexes
   921 | D:2      | Reached skill level 1 in Charms
   921 | D:2      | Reached skill level 1 in Summonings
   921 | D:2      | Reached skill level 1 in Necromancy
   921 | D:2      | Reached skill level 1 in Translocations
   921 | D:2      | Reached skill level 1 in Transmutations
   921 | D:2      | Reached skill level 1 in Fire Magic
   921 | D:2      | Reached skill level 1 in Ice Magic
   921 | D:2      | Reached skill level 1 in Air Magic
   921 | D:2      | Reached skill level 1 in Earth Magic
   921 | D:2      | Reached skill level 1 in Poison Magic
  1228 | D:4      | Reached XP level 5. HP: 38/43 MP: 12/12
  1232 | D:4      | Noticed Menkaure
  1242 | D:4      | Killed Menkaure
  1242 | D:4      | Reached skill level 3 in Stealth
  1242 | D:4      | Reached skill level 3 in Shields
  1242 | D:4      | Reached skill level 2 in Invocations
  1242 | D:4      | Reached XP level 6. HP: 50/50 MP: 13/13
  1261 | D:4      | Noticed Irenicus's ghost (amateur OpCK)
  1266 | D:4      | Noticed Sigmund
  1268 | D:4      | Killed Sigmund
  1268 | D:4      | Reached skill level 5 in Fighting
  1268 | D:4      | Reached skill level 2 in Short Blades
  1268 | D:4      | Reached skill level 2 in Long Blades
  1268 | D:4      | Reached skill level 2 in Axes
  1268 | D:4      | Reached skill level 2 in Maces & Flails
  1268 | D:4      | Reached skill level 2 in Polearms
  1268 | D:4      | Reached skill level 2 in Staves
  1268 | D:4      | Reached skill level 2 in Slings
  1268 | D:4      | Reached skill level 2 in Bows
  1268 | D:4      | Reached skill level 2 in Crossbows
  1268 | D:4      | Reached skill level 2 in Throwing
  1268 | D:4      | Reached skill level 2 in Dodging
  1268 | D:4      | Reached skill level 2 in Unarmed Combat
  1268 | D:4      | Reached skill level 2 in Evocations
  1274 | D:4      | Killed Irenicus's ghost
  1274 | D:4      | Reached skill level 7 in Armour
  1274 | D:4      | Reached XP level 7. HP: 56/56 MP: 13/15
  1322 | D:3      | Found a sparkling altar of Nemelex Xobeh.
  1352 | D:5      | Entered Level 5 of the Dungeon
  1371 | D:5      | Reached skill level 3 in Conjurations
  1371 | D:5      | Reached skill level 2 in Hexes
  1371 | D:5      | Reached skill level 2 in Charms
  1371 | D:5      | Reached skill level 2 in Summonings
  1371 | D:5      | Reached skill level 2 in Necromancy
  1371 | D:5      | Reached skill level 2 in Translocations
  1371 | D:5      | Reached skill level 2 in Transmutations
  1371 | D:5      | Reached skill level 2 in Fire Magic
  1371 | D:5      | Reached skill level 2 in Ice Magic
  1371 | D:5      | Reached skill level 2 in Air Magic
  1371 | D:5      | Reached skill level 2 in Earth Magic
  1371 | D:5      | Reached skill level 2 in Poison Magic
  1768 | D:5      | Quit the game

Vault maps used:
D:1:      minmay_arrival_nine_rooms, hangedman_decor_points
D:2:      uniq_robin
D:3:      okawaru_gym_becter, lemuel_blue_sif_altar, minmay_misc_feat_pillars,
          nemelex_altar_shiori
D:4:      uniq_sigmund, uniq_menkaure
D:5:      ashenzari_conservatory_becter, first_bread, uniq_prince_ribbit1

Skill      XL: |  1  2  3  4  5  6  7 |
---------------+----------------------+-----
Conjurations   | 2 3 |  3.0
Spellcasting   | 5 |  5.7
Invocations    | 1 2 |  2.9
Short Blades   | 1 2 |  2.6
Long Blades    | 1 2 |  2.6
Axes           | 1 2 |  2.6
Maces & Flails | 1 2 |  2.6
Polearms       | 1 2 |  2.6
Staves         | 1 2 |  2.6
Slings         | 1 2 |  2.6
Bows           | 1 2 |  2.6
Crossbows      | 1 2 |  2.6
Throwing       | 1 2 |  2.6
Dodging        | 1 2 |  2.6
Unarmed Combat | 1 2 |  2.6
Evocations     | 1 2 |  2.6
Hexes          | 1 2 |  2.1
Charms         | 1 2 |  2.1
Summonings     | 1 2 |  2.1
Necromancy     | 1 2 |  2.1
Translocations | 1 2 |  2.1
Transmutations | 1 2 |  2.1
Fire Magic     | 1 2 |  2.1
Ice Magic      | 1 2 |  2.1
Air Magic      | 1 2 |  2.1
Earth Magic    | 1 2 |  2.1
Poison Magic   | 1 2 |  2.1
Stealth        | 3 |  3.5
Shields        | 3 |  3.7
Fighting       | 5 |  5.3
Armour         | 7 |  7.1

Action                   |  1- 3 |  4- 6 |  7- 9 || total
-------------------------+-------+-------+-------++-------
Melee: Spear             |    66 |       |    13 ||    79
       Bite              |     9 |    10 |     4 ||    23
       Dagger            |    42 |    73 |    35 ||   150
       Punch             |       |     2 |     1 ||     3
       Unarmed           |       |    10 |       ||    10
 Fire: Hunting sling     |    10 |     5 |     4 ||    19
Evoke: Wand              |       |     3 |       ||     3
  Use: Potion            |       |     1 |       ||     1
  Eat: Chunk             |       |     1 |     2 ||     3
Armor: Robe              |     7 |       |       ||     7
       Scale mail        |    39 |    30 |     9 ||    78
       Skin              |       |    10 |       ||    10
Dodge: Dodged            |    45 |    40 |    17 ||   102

Table legend:
 A = Spawn XP
 B = Non-spawn XP
 C = Spawn XP percentage of total XP
 D = Spawn monster count
 E = Non-spawn monster count
 F = Spawn count percentage of total count
 G = Total turns spent on level
                    A         B        C        D         E        F      G
               +---------+---------+-------+---------+---------+-------+---------
         Total |       0 |    1035 |   0.0 |       0 |      75 |   0.0 |  1768
               +---------+---------+-------+---------+---------+-------+---------
           D:1 |       0 |      37 |   0.0 |       0 |      24 |   0.0 |   476
           D:2 |       0 |      90 |   0.0 |       0 |      29 |   0.0 |   484
           D:3 |       0 |      15 |   0.0 |       0 |      10 |   0.0 |   276
           D:4 |       0 |     764 |   0.0 |       0 |      11 |   0.0 |   488
           D:5 |       0 |     129 |   0.0 |       0 |       1 |   0.0 |    44
               +---------+---------+-------+---------+---------+-------+---------

Table legend:
 A = Turns spent in this place as a percentage of turns spent in the entire game.
 B = Non-inter-level travel turns spent in this place as a percentage of non-inter-level travel turns spent in the entire game.
 C = Inter-level travel turns spent in this place as a percentage of turns spent in this place.
 D = Turns resting spent in this place as a percentage of non-inter-level travel turns spent in this place.
 E = Turns spent auto-exploring this place as a percentage of non-inter-level travel turns spent in this place.
 F = Non-inter-level travel turns spent in this place divided by the number of levels of this place that you've seen.
                   A       B       C       D       E      F
               +-------+-------+-------+-------+-------+----------------------
         Total | 100.0 | 100.0 |   3.7 |   0.0 |   0.0 | 340.6
       Dungeon | 100.0 | 100.0 |   3.7 |   0.0 |   0.0 | 340.6
               +-------+-------+-------+-------+-------+----------------------

Table legend:
 A = Kills in this place as a percentage of kills in entire the game.
 B = Kills by you in this place as a percentage of kills by you in the entire game.
 C = Kills by friends in this place as a percentage of kills by friends in the entire game.
 D = Other kills in this place as a percentage of other kills in the entire game.
 E = Experience gained in this place as a percentage of experience gained in the entire game.
 F = Experience gained in this place divided by the number of levels of this place that you have seen.
                   A       B       C       D       E      F
               +-------+-------+-------+-------+-------+----------------------
         Total | 100.0 | 100.0 |   N/A |   N/A | 100.0 | 207.0
       Dungeon | 100.0 | 100.0 |   N/A |   N/A | 100.0 | 207.0
               +-------+-------+-------+-------+-------+----------------------

Vault maps used:
D:1:      minmay_arrival_nine_rooms, hangedman_decor_points
D:2:      uniq_robin
D:3:      okawaru_gym_becter, lemuel_blue_sif_altar, minmay_misc_feat_pillars,
          nemelex_altar_shiori
D:4:      uniq_sigmund, uniq_menkaure
D:5:      ashenzari_conservatory_becter, first_bread, uniq_prince_ribbit1
